 Dungeon Crawl Stone Soup version 0.28.0 (webtiles) character file.

Game seed: 17892816036363487258

128 HallandMoats the Skirmisher (level 4, -18/37 HPs)
             Began as a Demonspawn Monk on Feb 6, 2022.
             Demolished by Menkaure (22 damage)
             ... on level 4 of the Dungeon.
             The game lasted 00:03:31 (3765 turns).

HallandMoats the Skirmisher (Demonspawn Monk)       Turns: 3765, Time: 00:03:31

Health: -18/37     AC:  6    Str: 15    XL:     4   Next: 86%
Magic:  4/4        EV: 12    Int: 14    God:
Gold:   166        SH:  0    Dex: 15    Spells: 3/3 levels left

rFire   . . .      SeeInvis .     - Unarmed
rCold   + . .      Faith    .   (no shield)
rNeg    . . .      Spirit   .   f - +2 leather armour {rC+}
rPois   .          Reflect  .   (no helmet)
rElec   .          Harm     .   (no cloak)
rCorr   .          Rampage  .   (no gloves)
Will    .....                   b - +0 pair of boots
Stlth   ++........              (no amulet)
HPRegen 0.12/turn               (no ring)
MPRegen 0.09/turn               (no ring)

@: invisible (expiring)
A: powered by death 2, clever 1, low MP 1, strong 1
a: no special abilities


You were on level 4 of the Dungeon.
You visited 1 branch of the dungeon, and saw 4 of its levels.

You collected 166 gold pieces.

Inventory:

Missiles
 h - a throwing net (quivered)
Armour
 b - a +0 pair of boots (worn)
 f - a +2 leather armour of cold resistance (worn)
Scrolls
 a - a scroll of identify
 c - a scroll of immolation
 j - a scroll of fear
Potions
 g - a potion of curing


   Skills:
 * Level 3.8 Fighting
 + Level 1.4 Armour
 + Level 3.1 Dodging
 - Level 1.7 Stealth
 * Level 3.5 Unarmed Combat
 + Level 1.8 Invocations


You had 3 spell levels left.
You didn't know any spells.
Your spell library contained the following spells:

 Spells                   Type           Power      Damage    Failure   Level
 Corpse Rot               Necr/Air       0%         N/A       47%         2
 Poisonous Vapours        Pois/Air       0%         N/A       47%         2
 Summon Ice Beast         Ice/Summ       0%         N/A       98%         4
 Summon Mana Viper        Hex/Summ       0%         N/A       100%        5
 Monstrous Menagerie      Summ           0%         N/A       100%        7


Dungeon Overview and Level Annotations

Branches:
Dungeon (4/15)
 Temple: D:4-7

Altars:

Shops:
D:3 [

Annotations:
D:4 Menkaure


Innate Abilities, Weirdness & Mutations

You regenerate health from kills.
Your mind is acute. (Int +2)
Your magical capacity is low. (-10% MP)
Your muscles are strong. (Str +2)


Message History

Pain shoots through your body!
You hit Menkaure.
Menkaure is moderately damaged.
Menkaure gestures at you while chanting.
You barely resist. You hit Menkaure but do no damage.
Menkaure is moderately damaged.
You hit Menkaure but do no damage.
Menkaure is moderately damaged.
Menkaure hits you.
You hit Menkaure.
Menkaure is heavily damaged.
Menkaure hits you.
You hit Menkaure.
Menkaure is heavily damaged.
Menkaure mumbles some strange words.
Menkaure seems to speed up.
You hit Menkaure but do no damage.
Menkaure is heavily damaged.
Menkaure calls on the powers of darkness!
Your body is wracked with pain!
* * * LOW HITPOINT WARNING * * *
You barely miss Menkaure.
Menkaure is heavily damaged.
You flicker for a moment.
Menkaure closely misses you.
You hit Menkaure but do no damage.
Menkaure is heavily damaged.
Menkaure casts a spell at you. Pain shoots through your body!
* * * LOW HITPOINT WARNING * * *
You hit Menkaure.
Menkaure is severely damaged.
Menkaure hits you.
* * * LOW HITPOINT WARNING * * *
You hit Menkaure but do no damage.
Menkaure is severely damaged.
Menkaure hits you!!
Ouch! That really hurt!
You die...

... ... #M ... ###.##
... #.....
#.#########.#### #.....
........<.....( #.....
#..........# #.....
#####..M@......#
#.....###..............#
......†!...#############
......####........
#..... ######### #.....
#..... ######


You could see Menkaure (fast).

Vanquished Creatures
  A centaur skeleton (D:4)
  3 adders (D:3)
  A worm (D:2)
  3 dart slugs
  3 orcs (D:3)
  6 endoplasms
  6 giant cockroaches
  3 goblins
  7 hobgoblins
  4 jackals (D:3)
  2 quokkas
  5 ball pythons
  5 bats
  2 frilled lizards
  2 kobolds (D:1)
  3 rats (D:1)
56 creatures vanquished.

Vanquished Creatures (others)
  A demonic plant (D:2)
1 creature vanquished.

Grand Total: 57 creatures vanquished

Notes
Turn   | Place    | Note
-------+----------+-------------------------------------------
     0 | D:1      | HallandMoats the Demonspawn Monk began the quest for the
                  | Orb.
     0 | D:1      | Reached XP level 1. HP: 18/18 MP: 1/1
   147 | D:1      | Gained mutation: You regenerate a little health from kills.
                  | [demonic ancestry]
   147 | D:1      | Reached XP level 2. HP: 2/24 MP: 2/2
  1212 | D:2      | Reached XP level 3. HP: 19/29 MP: 3/3
  1348 | D:2      | Reached skill level 1 in Invocations
  1689 | D:2      | Found a faded altar of an unknown god.
  1815 | D:2      | Reached skill level 1 in Armour
  2489 | D:3      | Found Luephuyf's Armour Boutique.
  2745 | D:3      | Gained mutation: You regenerate health from kills. [demonic
                  | ancestry]
  2745 | D:3      | Reached XP level 4. HP: 36/36 MP: 5/5
  3483 | D:4      | Noticed Menkaure
  3503 | D:4      | Gained mutation: Your magical capacity is low. (-10% MP)
                  | [potion of mutation]
  3503 | D:4      | Gained mutation: Your muscles are strong. (Str +2) [potion
                  | of mutation]
  3503 | D:4      | Gained mutation: Your mind is acute. (Int +2) [potion of
                  | mutation]
  3765 | D:4      | Demolished by Menkaure

Illustrated notes

Levels and vault maps discovered:
D:1:      minmay_arrival_diagonal_passages, layout_basic,
          minmay_misc_feat_four_crosses, minmay_misc_feat_alley
D:2:      layout_basic, dreamdust_ecumenical_altar_sealed_demon
D:3:      layout_basic, serial_shops, nicolae_square_shop, serial_rivers,
          chequers_serial_rivers_small_b, chequers_serial_rivers_room_b,
          chequers_serial_rivers_large_a, chequers_serial_rivers_micro_a,
          chequers_serial_rivers_small_a, chequers_serial_rivers_micro_e,
          nrook_campfire
D:4:      layout_rooms, uniq_robin, uniq_menkaure

Skill      XL: |  1  2  3 |
---------------+----------+-----
Unarmed Combat | 3 |  3.5
Invocations    | 1 |  1.8
Armour         | 1 |  1.4
Dodging        | 3 |  3.1
Fighting       | |  3.8
Stealth        | |  1.7

Action                   |  1- 3 |  4- 6 || total
-------------------------+-------+-------++-------
Melee: Unarmed           |   233 |    71 ||   304
       Punch             |     6 |     2 ||     8
  Use: Scroll            |       |     7 ||     7
       Potion            |       |     2 ||     2
 Stab: Sleeping          |     3 |     2 ||     5
Armor: Robe              |    11 |       ||    11
       Leather armour    |    51 |    26 ||    77
Dodge: Dodged            |   151 |    35 ||   186
